 Dungeon Crawl Stone Soup version 0.25-a0-1119-g28b6fd0c3b (webtiles) character file.

Game seed: 18849382624845902, levelgen mode: deterministic

40 Esekla the Magician (level 3, 0/22 HPs)
             Began as an Octopode Wizard on May 18, 2020.
             Killed from afar by Natasha (4 damage)
             ... with a magic dart
             ... on level 2 of the Dungeon.
             The game lasted 00:09:06 (1599 turns).

Esekla the Magician (Octopode Wizard)               Turns: 1599, Time: 00:09:06

Health: 0/22       AC:  1    Str:  7    XL:     3   Next: 50%
Magic:  2/8        EV: 13    Int: 20    God:
Gold:   108        SH:  0    Dex: 10    Spells: 0/9 levels left

rFire    . . .     SeeInvis .   d - +0 dagger
rCold    . . .     Gourm    .   (no shield)
rNeg     . . .     Faith    .   a - +0 hat
rPois    .         Spirit   .   (no amulet)
rElec    .         Reflect  .   (no ring)
rCorr    .         Harm     .   (no ring)
MR       .....                  (no ring)
Stlth    +++.......             (no ring)
HPRegen  0.07/turn              (no ring)
MPRegen  0.11/turn              (no ring)
                                (no ring)
                                (no ring)

@: very slightly contaminated
A: almost no armour, stealthy swim, amphibious, 8 rings, constrict 8, camouflage
1, gelatinous body 1
a: no special abilities


You were on level 2 of the Dungeon.
You were not hungry.

You visited 1 branch of the dungeon, and saw 2 of its levels.

You collected 108 gold pieces.

Inventory:

Hand Weapons
 d - a +0 dagger (weapon)
 h - a +0 spear
Missiles
 k - 7 poisoned darts (quivered)
Armour
 a - a +0 hat (worn)
Jewellery
 g - a cursed ring of attention {unknown}
Scrolls
 b - 5 scrolls of identify {unknown}
 e - a scroll of teleportation {unknown}
 f - a scroll of remove curse {unknown}
 i - a scroll of amnesia {unknown}
Potions
 j - 2 potions of might {unknown}
Comestibles
 c - 4 rations
 l - a chunk of flesh


   Skills:
 * Level 0.6 Fighting
 * Level 2.2 Dodging
 + Level 3.3 Stealth
 + Level 3.5 Spellcasting
 + Level 1.0 Conjurations
   Level 1.0 Summonings
 * Level 1.2 Translocations
 * Level 0.4 Air Magic
 * Level 0.2 Poison Magic


You couldn't memorise any spells.
You knew the following spells:

 Your Spells              Type           Power        Failure   Level  Hunger
a - Magic Dart            Conj           #...         9%          1    None
b - Blink                 Tloc           N/A          12%         2    ##.....
c - Mephitic Cloud        Conj/Pois/Air  #.......     32%         3    ###....
f - Conjure Flame         Conj/Fire      #.......     32%         3    ###....

Your spell library contained the following spells:

 Spells                   Type           Power        Failure   Level  Hunger
 Call Imp                 Summ           #.......     14%         2    ##.....
 Slow                     Hex            #.......     21%         2    ##.....


Dungeon Overview and Level Annotations

Branches:
Dungeon (2/15)

Altars:

Annotations:
D:2 Natasha


Innate Abilities, Weirdness & Mutations

You cannot wear most types of armour.
You are very stealthy in the water. (Stealth+)
You are amphibious.
You can wear up to eight rings at the same time.
You can use your tentacles to constrict eight enemies at once.
Your skin changes colour to match your surroundings (Stealth+).
Your rubbery body absorbs attacks. (AC +1, EV +1)


Message History

The jackal barely misses you.
You hit the jackal. You squeeze the jackal.
You kill the jackal!
Natasha mumbles some strange words.
Natasha glows brightly for a moment.
Casting: Magic Dart (safe; 9% risk of failure)
Confirm with . or Enter, or press ? or * to list all spells.
Okay, then.
Found a stone staircase leading down.
Casting: Magic Dart (safe; 9% risk of failure)
Confirm with . or Enter, or press ? or * to list all spells.
You blink.
A hobgoblin comes into view. It is wielding a +0 club.
The hobgoblin shouts!
Natasha hisses.
The hobgoblin hits you with a +0 club.
* * * LOW HITPOINT WARNING * * *
Natasha stares at you and mumbles some strange words.
The magic dart hits you.
You die...

##>.........!##.###..###
##...#.......[........#
......................#
...........##.........#
..................h...#
............#.........#
..................g...#
.......[..............#
................@.....#
............###.#######
........... #.
..........# #.
......##### #. ...#..##
#. .......##### #.
.....(...... ##
...........#


You could see Natasha and a hobgoblin.

Vanquished Creatures
  An ooze (D:2)
  2 dart slugs (D:1)
  A leopard gecko (D:1)
  2 bats
  3 giant cockroaches
  5 goblins
  3 hobgoblins
  2 jackals (D:2)
  2 frilled lizards
  5 kobolds
  A rat (D:1)
27 creatures vanquished.

Notes
Turn   | Place    | Note
-------+----------+-------------------------------------------
     0 | D:1      | Esekla the Octopode Wizard began the quest for the Orb.
     0 | D:1      | Reached XP level 1. HP: 11/11 MP: 4/4
   312 | D:1      | Reached XP level 2. HP: 12/17 MP: 0/6
   321 | D:1      | Learned a level 2 spell: Blink
   830 | D:1      | Reached XP level 3. HP: 21/21 MP: 2/8
   835 | D:1      | Learned a level 3 spell: Mephitic Cloud
   839 | D:1      | Learned a level 3 spell: Conjure Flame
  1552 | D:2      | Noticed Natasha
  1599 | D:2      | Killed from afar by Natasha

Illustrated notes

Levels and vault maps discovered:
D:1:      arrival_zaba_pyramid, layout_basic, st_stairs_10
D:2:      layout_rooms, first_ration, chequers_ecumenical_altar_island,
          uniq_natasha

Skill      XL: |  1  2 |
---------------+-------+-----
Stealth        | 3 |  3.3
Fighting       | |  0.6
Dodging        | |  2.2
Spellcasting   | |  3.5
Conjurations   | |  1.0
Summonings     | |  1.0
Translocations | |  1.2
Air Magic      | |  0.4
Poison Magic   | |  0.2

Action                   || total
-------------------------++-------
Melee: Unarmed           ||    11
       Constrict         ||    15
       Tentacles         ||     6
       Dagger            ||    27
 Cast: Magic Dart        ||    40
       Blink             ||     2
 Stab: Sleeping          ||     5
  Eat: Chunk             ||     2
Armor: Skin              ||     6
Dodge: Dodged            ||    28

Table legend:
 A = Non-vault XP
 B = Vault XP
 C = Vault XP percentage of total XP
 D = Non-vault monster count
 E = Vault monster count
 F = Vault count percentage of total count
                 A         B        C        D         E       F
            +---------+---------+-------+---------+---------+-------
      Total |      50 |       8 |  13.8 |      23 |       4 |  14.8
            +---------+---------+-------+---------+---------+-------
        D:1 |      27 |       8 |  22.9 |      13 |       4 |  23.5
        D:2 |      23 |       0 |   0.0 |      10 |       0 |   0.0
            +---------+---------+-------+---------+---------+-------
